 Dungeon Crawl Stone Soup version 0.31-a0-164-g2312942fda (webtiles) character file.

Game seed: 11530654290823457981

460 qw the Shooter (level 7, 0/43 HPs)
             Began as a Gargoyle Hunter on June 13, 2023.
             Slain by a two-headed ogre
             ... wielding a +0 giant club
              (28 damage)
             ... on level 8 of the Dungeon.
             The game lasted 00:01:05 (3254 turns).

qw the Shooter (Gargoyle Hunter)                    Turns: 3254, Time: 00:01:06

Health: 0/43       AC: 11    Str: 15    XL:     7   Next: 7%
Magic:  7/7        EV: 11    Int:  9    God:
Gold:   114        SH:  0    Dex: 15    Spells: 6/6 levels left

rFire   + . .        c - +2 shortbow (heavy)
rCold   + . .        (shield currently unavailable)
rNeg    + . .        f - +0 ring mail
rPois   inf          (helmet restricted)
rElec   +            i - scarf {rC+ rF+}
rCorr   +            h - +0 pair of gloves
SInv    .            (no boots)
Will    .....        (no amulet)
Stlth   +            a - ring of resist corrosion
HPRegen 0.27/turn    (no ring)
MPRegen 0.10/turn

%: clarity
@: no status effects
A: sickness immunity, AC +4, negative energy resistance 1, electricity
resistance, torment resistance 1, petrification resistance, horns 1, clarity
a: no special abilities


You were on level 8 of the Dungeon.
You visited 1 branch of the dungeon, and saw 6 of its levels.

You collected 203 gold pieces.
You spent 89 gold pieces at shops.


Innate Abilities, Weirdness & Mutations

You are immune to sickness and miasma.
Your stone body is resilient. (AC +4)
You are immune to poison.
You resist negative energy. (rN+)
You are resistant to electric shocks. (rElec)
You are resistant to unholy torment.
You are immune to petrification.
You have a pair of small horns on your head.
You possess an exceptional clarity of mind.


   Skills:
 - Level 4.2 Fighting
 + Level 7.4 Ranged Weapons
 - Level 1.0 Armour
 - Level 1.5 Dodging
 - Level 1.1 Stealth


You had 6 spell levels left.
You didn't know any spells.
Your spell library was empty.

Inventory:

Hand Weapons
 c - a +2 heavy shortbow (weapon)
Armour
 f - a +0 ring mail (worn)
 h - a +0 pair of gloves (worn)
 i - a scarf of resistance (worn)
 k - +0 steam dragon scales
Jewellery
 a - a ring of resist corrosion (left hand)
Scrolls
 b - a scroll of identify
Potions
 d - a potion of mutation
 e - a potion of curing
 g - a potion of heal wounds
 j - a potion of lignification {unknown}

Dungeon Overview and Level Annotations

Branches:
Dungeon (8/15)
 Temple: D:4-7         Lair: D:8-11

Altars:
Vehumet

Shops:
D:1 [[   D:2 =   D:3 *


Message History

You shoot an arrow. The arrow closely misses the sky beast.
You shoot an arrow. The arrow hits the sky beast!
The sky beast is almost dead.
The sky beast barely misses you. The sky beast hits you.
The sky beast shocks you. You resist.
You shoot an arrow. The arrow hits the sky beast.
You kill the sky beast!
Your Ranged Weapons skill increases to level 7!
You have reached level 7!
You start resting.
HP restored.
Found 6 stones.
Enter note:
Enter note: You see here 6 stones.
A two-headed ogre comes into view.
It is wielding a +0 giant club and a +0 giant spiked club.
The two-headed ogre shouts in stereo!
Enter note:
Enter note: You shoot an arrow.
The arrow hits the two-headed ogre!
The two-headed ogre is lightly wounded.
You shoot an arrow.
The arrow hits the two-headed ogre but does no damage.
The two-headed ogre is lightly wounded.
You shoot an arrow. The arrow hits the two-headed ogre.
The two-headed ogre is moderately wounded.
You shoot an arrow. The arrow hits the two-headed ogre.
The two-headed ogre is moderately wounded.
The two-headed ogre hits you with a +0 giant club!
The two-headed ogre hits you but does no damage.
You shoot an arrow. The arrow hits the two-headed ogre!
The two-headed ogre is heavily wounded.
The two-headed ogre completely misses you.
The two-headed ogre hits you with a +0 giant spiked club!
You shoot an arrow. The arrow hits the two-headed ogre!
The two-headed ogre is severely wounded.
The two-headed ogre barely misses you.
The two-headed ogre hits you with a +0 giant spiked club!!
Ouch! That really hurt!
You die...

...............# ##..##
...............# ##..##
...............## ##..##
................## ###.#
.................########
#..
........................#
##.
.................#####..#
##. .................##
#.. ................@.#
#.# ................O##
### .................#
........## .......
......# .....# .....


You could see a two-headed ogre.

Vanquished Creatures
  A steam dragon (D:8)
  A sky beast (D:8)
  An orc priest (D:3)
  2 sleepcaps
  4 gnolls (D:2)
  4 adders
  4 orcs
  11 ball pythons
  6 bats
  5 endoplasms
  3 giant cockroaches
  4 goblins
  7 hobgoblins
  8 jackals
  2 kobolds (D:1)
  4 quokkas
  3 frilled lizards
  8 rats
78 creatures vanquished.

Notes
Turn   | Place    | Note
-------+----------+-------------------------------------------
     0 | D:1      | qw the Gargoyle Hunter began the quest for the Orb.
     0 | D:1      | Reached XP level 1. HP: 12/12 MP: 1/1
     0 | D:1      | 0 ||| qw: Version: 0.2-a-29-gc1b59c4
     0 | D:1      | 0 ||| qw: Game counter: 4578
     0 | D:1      | 0 ||| qw: Always use a shield: true
     0 | D:1      | 0 ||| qw: God list: Okawaru
     0 | D:1      | 0 ||| qw: Allow faded altars: false
     0 | D:1      | 0 ||| qw: Do Orc after D:15 true
     0 | D:1      | 0 ||| qw: Do second Lair branch before Depths: true
     0 | D:1      | 0 ||| qw: Lair rune preference: random
     0 | D:1      | 0 ||| qw: Plans: Normal, Zot:1-4, Slime:5, God:TSO, Crypt,
                  | Tomb, Abyss, Pan, Hells, Win
     0 | D:1      | 0 ||| PLANNING D:1-11
    37 | D:1      | Found Qeer Oni's Antique Armour Emporium.
    51 | D:1      | 51 ||| SHOPLISTING pair of gloves (112 gold, have 12).
    89 | D:1      | Found a faded altar of an unknown god.
    99 | D:1      | Reached XP level 2. HP: 17/17 MP: 2/2
   282 | D:1      | Reached XP level 3. HP: 21/21 MP: 3/3
   317 | D:1      | Reached skill level 5 in Ranged Weapons
   367 | D:1      | Found Raaleal's Antique Armour Shoppe.
   376 | D:1      | 376 ||| SHOPLISTING pair of glowing gloves (225 gold, have
                  | 29).
   376 | D:1      | 376 ||| SHOPLISTING runed leather armour (150 gold, have
                  | 29).
   376 | D:1      | 376 ||| SHOPLISTING shiny ring mail (210 gold, have 29).
   692 | D:1      | 692 ||| UPGRADING to +0 ring mail.
   702 | D:1      | 702 ||| DROPPING +0 leather armour.
   703 | D:1      | 703 ||| UPGRADING to +0 pair of gloves.
   708 | D:1      | 708 ||| UPGRADING to +0 helmet.
   713 | D:1      | 713 ||| READING scroll labelled VODUELL ULUIS.
   714 | D:1      | 714 ||| READING 2 scrolls labelled ETOODI HEYQ.
   715 | D:1      | 715 ||| READING scroll of enchant weapon.
   715 | D:1      | 715 ||| ENCHANTING +1 shortbow.
   716 | D:1      | 716 ||| READING scroll labelled IMMUNEFFU RUPU.
   717 | D:1      | 717 ||| DROPPING scroll of butterflies.
   755 | D:2      | Reached skill level 1 in Armour
   758 | D:2      | Found Bustril's Jewellery Shop.
   772 | D:2      | 772 ||| SHOPLISTING +6 ring of strength (468 gold, have
                  | 43).
   772 | D:2      | 772 ||| SHOPLISTING amulet of faith (520 gold, have 43).
   772 | D:2      | 772 ||| SHOPLISTING amulet of the acrobat (390 gold, have
                  | 43).
   772 | D:2      | 772 ||| SHOPLISTING ring of Gosaebou {Wiz Dex+3} (562 gold,
                  | have 43).
   772 | D:2      | 772 ||| SHOPLISTING ring of positive energy (260 gold, have
                  | 43).
   772 | D:2      | 772 ||| SHOPLISTING ring of resist corrosion (260 gold,
                  | have 43).
   945 | D:2      | Reached skill level 3 in Fighting
   945 | D:2      | Reached XP level 4. HP: 28/28 MP: 4/4
  1415 | D:2      | 1415 ||| UPGRADING to ring of resist corrosion.
  1416 | D:2      | 1416 ||| READING scroll labelled POWIOMMISME.
  1417 | D:2      | 1417 ||| READING scroll labelled LIL GUPNAMNEE.
  1420 | D:2      | 1420 ||| DRINKING 2 white potions.
  1420 | D:2      | Gained mutation: You possess an exceptional clarity of
                  | mind. [potion of mutation]
  1420 | D:2      | Gained mutation: You have a pair of small horns on your
                  | head. [potion of mutation]
  1421 | D:2      | 1421 ||| DROPPING +0 helmet.
  1436 | D:3      | Found Gontoq's Assorted Antiques.
  1445 | D:3      | 1445 ||| BUYING 3 scrolls labelled XIJOOKL USHRE (69 gold).
  1445 | D:3      | Bought 3 scrolls labelled XIJOOKL USHRE for 69 gold pieces
  1445 | D:3      | 1445 ||| BUYING amethyst potion (20 gold).
  1445 | D:3      | Bought an amethyst potion for 20 gold pieces
  1445 | D:3      | 1445 ||| SHOPLISTING fuming pink potion (20 gold, have 10).
  1445 | D:3      | 1445 ||| SHOPLISTING pair of boots (103 gold, have 10).
  1445 | D:3      | 1445 ||| SHOPLISTING scroll labelled ZEJAWOI NOIJURYF (23
                  | gold, have 10).
  1445 | D:3      | 1445 ||| SHOPLISTING scroll of teleportation (69 gold, have
                  | 10).
  1614 | D:3      | Reached XP level 5. HP: 32/32 MP: 5/5
  1700 | D:3      | Reached skill level 6 in Ranged Weapons
  2061 | D:3      | 2061 ||| UPGRADING to scarf of resistance.
  2066 | D:3      | 2066 ||| READING 4 scrolls labelled XIJOOKL USHRE.
  2067 | D:3      | 2067 ||| READING scroll labelled ERRAKL PUTZI.
  2068 | D:3      | 2068 ||| READING scroll labelled DOPHYV NAASIE.
  2069 | D:3      | 2069 ||| DRINKING 2 amethyst potions.
  2070 | D:3      | 2070 ||| DROPPING 3 scrolls of immolation.
  2477 | D:4      | Found a radiant altar of Vehumet.
  2481 | D:4      | 2481 ||| FLEEEEING.
  2705 | D:4      | 2705 ||| READING scroll labelled JESCHI DEIMOXZU.
  2806 | D:4      | 2806 ||| READING 2 scrolls of identify.
  2806 | D:4      | 2806 ||| IDENTIFYING bubbling sapphire potion
  2817 | D:5      | Entered Level 5 of the Dungeon
  2817 | D:5      | You fall into a shaft and drop 3 floors!
  2925 | D:8      | Reached XP level 6. HP: 38/38 MP: 6/6
  2967 | D:8      | Noticed a steam dragon
  2975 | D:8      | Killed a steam dragon
  3091 | D:8      | Noticed a sky beast
  3096 | D:8      | Killed a sky beast
  3097 | D:8      | Reached skill level 7 in Ranged Weapons
  3097 | D:8      | Reached XP level 7. HP: 39/43 MP: 7/7
  3248 | D:8      | Noticed a two-headed ogre
  3254 | D:8      | Slain by a two-headed ogre

Levels and vault maps discovered:
D:1:      kennysheep_arrival_forest, layout_basic, serial_shops, shop,
          nicolae_shop_stone, shapermc_ecumenical_altar_rom_forum,
          hangedman_abyss_or_decor_stabs, hex_large
D:2:      layout_basic, serial_shops, shop, minmay_tripent
D:3:      layout_basic, serial_shops, shop, minivault_14,
          kennysheep_generic_room_2
D:4:      layout_loops_ring, vehumet_altar_wand_db
D:5:      corexii_shantytown, layout_loops_ring, grunt_gozag_statues
D:8:      layout_layer_cave, zin_angel

Skill      XL: |  1  2  3  4  5  6 |
---------------+-------------------+-----
Ranged Weapons | 5 6 7 |  7.4
Armour         | 1 |  1.0
Fighting       | 3 4 |  4.2
Dodging        | |  1.5
Stealth        | |  1.1

Action                     |  1- 3 |  4- 6 |  7- 9 || total
---------------------------+-------+-------+-------++-------
   Fire: Shortbow          |    89 |   110 |     6 ||   205
    Use: Scroll            |     4 |     7 |       ||    11
         Potion            |       |     2 |       ||     2
 Armour: Leather armour    |     8 |       |       ||     8
         Ring mail         |     4 |    16 |     1 ||    21
  Dodge: Dodged            |    20 |    37 |     2 ||    59

Table legend:
 A = Non-vault XP
 B = Vault XP
 C = Vault XP percentage of total XP
 D = Non-vault monster count
 E = Vault monster count
 F = Vault count percentage of total count
                 A         B        C        D         E       F
            +---------+---------+-------+---------+---------+-------
      Total |     640 |      18 |   2.7 |      74 |       4 |   5.1
            +---------+---------+-------+---------+---------+-------
        D:1 |      43 |       0 |   0.0 |      25 |       0 |   0.0
        D:2 |     105 |       3 |   2.8 |      20 |       2 |   9.1
        D:3 |     117 |      13 |  10.0 |      15 |       1 |   6.2
        D:4 |      22 |       2 |   8.3 |      11 |       1 |   8.3
        D:8 |     353 |       0 |   0.0 |       3 |       0 |   0.0
            +---------+---------+-------+---------+---------+-------
